TOP OF THE 1ST |
Mile High Broncos batting - Pitching for Redwood City Redwoods : RHP Ron Williams
|
Pitching: RHP Ron Williams
|
|
Batting: RHB Juan Gonzáles
|
0-0: Ball 1-0: SOLO HOME RUN (Flyball, 7D), Distance : 345 ft
|
Batting: RHB Damian Yates
|
0-0: Ball 1-0: Foul Ball, location: 2F 1-1: Ground out 5-3 (Groundball, 56S)
|
Batting: RHB Juan Jose Guevana
|
0-0: Ball 1-0: TRIPLE (Flyball, 89XD)
|
Batting: RHB António Martínez
|
0-0: Swinging Strike 0-1: 2-RUN HOME RUN (Flyball, 89XD), Distance : 395 ft
|
Batting: LHB Diego González
|
0-0: Called Strike 0-1: Foul Ball, location: 2F 0-2: Ball 1-2: Fly out, F5 (Popup, 56)
|
Batting: LHB Bill Houston
|
0-0: Ball 1-0: SINGLE (Groundball, 6MD)
|
Batting: RHB José Herrera
|
0-0: Ball 1-0: Called Strike Bill Houston steals 2nd base 1-1: SINGLE (Groundball, 56D) Bill Houston to third Runner from 3rd tries for Home, throw and OUT!
|
Top of the 1st over - 3 run(s), 5 hit(s), 0 error(s), 1 left on base; Mile High 3 - Redwood City 0 |
BOTTOM OF THE 1ST |
Redwood City Redwoods batting - Pitching for Mile High Broncos : LHP John Wilkins
|
Pitching: LHP John Wilkins
|
|
Batting: LHB Alfonso Montoya
|
0-0: Fly out, F7 (Flyball, 7M)
|
Batting: LHB Tony Warrilow
|
0-0: Ball 1-0: Swinging Strike 1-1: Ball 2-1: Ball 3-1: Foul Ball, location: 2F 3-2: Base on Balls
|
Batting: RHB José Aguilera
|
0-0: Ball 1-0: Ball 2-0: Called Strike 2-1: Ball 3-1: Foul Ball, location: 2F 3-2: Foul Ball, location: 2F 3-2: Fielders Choice at 2nd, 4-6 (Groundball, 4)
|
Batting: LHB Nicholas Alston
|
0-0: Called Strike 0-1: Called Strike 0-2: Fly out, F8 (Flyball, 8LD)
|
Bottom of the 1st over - 0 run(s), 0 hit(s), 0 error(s), 1 left on base; Mile High 3 - Redwood City 0 |
TOP OF THE 2ND |
Mile High Broncos batting - Pitching for Redwood City Redwoods : RHP Ron Williams
|
Batting: SHB Tom Stevens
|
0-0: Fly out, F4 (Popup, 4D)
|
Batting: RHB Ximena Campos
|
0-0: Called Strike 0-1: Fly out, F9 (Flyball, 9D)
|
Batting: RHB Juan Gonzáles
|
0-0: Foul Ball, location: 2F 0-1: Fly out, F8 (Flyball, 8RM)
|
Top of the 2nd over - 0 run(s), 0 hit(s), 0 error(s), 0 left on base; Mile High 3 - Redwood City 0 |
BOTTOM OF THE 2ND |
Redwood City Redwoods batting - Pitching for Mile High Broncos : LHP John Wilkins
|
Batting: SHB Marvin Harris
|
0-0: Called Strike 0-1: Ball 1-1: Foul Ball, location: 2F 1-2: Reached on error, E6 (Groundball, 6)
|
Batting: RHB Edgardo Gonzáles
|
0-0: Ball 1-0: Ball 2-0: Ball 3-0: Foul Ball, location: 2F 3-1: Fly out, F8 (Flyball, 8LXD) Runner from 2nd tags up, SAFE at 3rd, no throw
|
Batting: LHB Eduardo Alomar
|
0-0: Swinging Strike 0-1: Ground out 4-3 (Groundball, 4) Marvin Harris scores
|
Batting: RHB Anastasio García
|
0-0: Called Strike 0-1: SINGLE (Line Drive, 7LS)
|
Batting: RHB Dan Martin
|
0-0: Ball 1-0: Foul Ball, location: 2F 1-1: SINGLE (Line Drive, 6D) Anastasio García to second
|
Batting: LHB Alfonso Montoya
|
0-0: Called Strike 0-1: Foul Ball, location: 2F 0-2: Ball 1-2: Strikes out looking
|
Bottom of the 2nd over - 1 run(s), 2 hit(s), 1 error(s), 2 left on base; Mile High 3 - Redwood City 1 |
TOP OF THE 3RD |
Mile High Broncos batting - Pitching for Redwood City Redwoods : RHP Ron Williams
|
Batting: RHB Damian Yates
|
0-0: Ball 1-0: Ball 2-0: Ball 3-0: Base on Balls
|
Batting: RHB Juan Jose Guevana
|
0-0: Ball 1-0: Ball 2-0: Fly out, F3 (Line Drive, 3)
|
Batting: RHB António Martínez
|
0-0: Ball 1-0: Ball Damian Yates steals 2nd base 2-0: 2-RUN HOME RUN (Flyball, 7D), Distance : 362 ft
|
Batting: LHB Diego González
|
0-0: Foul Ball, location: 2F 0-1: Swinging Strike 0-2: Ball 1-2: Strikes out looking
|
Batting: LHB Bill Houston
|
0-0: Ball 1-0: Ball 2-0: Foul Ball, location: 2F 2-1: Foul Ball, location: 2F 2-2: Ball 3-2: Foul Ball, location: 2F 3-2: Strikes out looking
|
Top of the 3rd over - 2 run(s), 1 hit(s), 0 error(s), 0 left on base; Mile High 5 - Redwood City 1 |
BOTTOM OF THE 3RD |
Redwood City Redwoods batting - Pitching for Mile High Broncos : LHP John Wilkins
|
Batting: LHB Tony Warrilow
|
0-0: Ball 1-0: Ball 2-0: Called Strike 2-1: Foul Ball, location: 2F 2-2: Ground out U3 (Groundball, 3)
|
Batting: RHB José Aguilera
|
0-0: Ball 1-0: Ball 2-0: Ball 3-0: Called Strike 3-1: Foul Ball, location: 2F 3-2: Fly out, F8 (Flyball, 8RXD)
|
Batting: LHB Nicholas Alston
|
0-0: SINGLE (Line Drive, 5)
|
Batting: SHB Marvin Harris
|
0-0: Called Strike 0-1: Ball 1-1: Ball 2-1: 2-RUN HOME RUN (Flyball, 7D), Distance : 344 ft
|
Batting: RHB Edgardo Gonzáles
|
0-0: Called Strike 0-1: Ball 1-1: Foul Ball, location: 2F 1-2: Strikes out swinging
|
Bottom of the 3rd over - 2 run(s), 2 hit(s), 0 error(s), 0 left on base; Mile High 5 - Redwood City 3 |
TOP OF THE 4TH |
Mile High Broncos batting - Pitching for Redwood City Redwoods : RHP Ron Williams
|
Batting: RHB José Herrera
|
0-0: Ground out 6-3 (Groundball, 6M)
|
Batting: SHB Tom Stevens
|
0-0: Ball 1-0: Ball 2-0: Ball 3-0: Called Strike 3-1: Swinging Strike 3-2: Foul Ball, location: 2F 3-2: Strikes out swinging
|
Batting: RHB Ximena Campos
|
0-0: Called Strike 0-1: Fly out, F4 (Line Drive, 4M)
|
Top of the 4th over - 0 run(s), 0 hit(s), 0 error(s), 0 left on base; Mile High 5 - Redwood City 3 |
BOTTOM OF THE 4TH |
Redwood City Redwoods batting - Pitching for Mile High Broncos : LHP John Wilkins
|
Batting: LHB Eduardo Alomar
|
0-0: Ball 1-0: Swinging Strike 1-1: Ball 2-1: SOLO HOME RUN (Flyball, 89XD), Distance : 395 ft
|
Batting: RHB Anastasio García
|
0-0: Foul Ball, location: 2F 0-1: SINGLE (Line Drive, 6D)
|
Batting: RHB Dan Martin
|
0-0: Ball 1-0: Ball 2-0: Ball 3-0: Called Strike 3-1: Foul Ball, location: 2F 3-2: Fielders Choice at 2nd, 3-6 (Groundball, 3)
|
Batting: LHB Alfonso Montoya
|
0-0: Called Strike 0-1: Swinging Strike 0-2: Ball Dan Martin steals 2nd base 1-2: Strikes out swinging
|
Batting: LHB Tony Warrilow
|
0-0: Called Strike 0-1: Foul Ball, location: 2F 0-2: Ball 1-2: Ground out 4-3 (Groundball, 4)
|
Bottom of the 4th over - 1 run(s), 2 hit(s), 0 error(s), 1 left on base; Mile High 5 - Redwood City 4 |
TOP OF THE 5TH |
Mile High Broncos batting - Pitching for Redwood City Redwoods : RHP Ron Williams
|
Batting: RHB Juan Gonzáles
|
0-0: Swinging Strike 0-1: Foul Ball, location: 2F 0-2: Strikes out swinging
|
Batting: RHB Damian Yates
|
0-0: Ball 1-0: Foul Ball, location: 2F 1-1: Swinging Strike 1-2: Ball 2-2: Fly out, F8 (Popup, 8LS)
|
Batting: RHB Juan Jose Guevana
|
0-0: SOLO HOME RUN (Line Drive, 7D), Distance : 346 ft
|
Batting: RHB António Martínez
|
0-0: Called Strike 0-1: SOLO HOME RUN (Line Drive, 9D), Distance : 351 ft
|
Batting: LHB Diego González
|
0-0: Ball 1-0: Swinging Strike 1-1: Called Strike 1-2: Foul Ball, location: 2F 1-2: Strikes out swinging
|
Top of the 5th over - 2 run(s), 2 hit(s), 0 error(s), 0 left on base; Mile High 7 - Redwood City 4 |
BOTTOM OF THE 5TH |
Redwood City Redwoods batting - Pitching for Mile High Broncos : LHP John Wilkins
|
Batting: RHB José Aguilera
|
0-0: Ball 1-0: SINGLE (Flyball, 78S)
|
Batting: LHB Nicholas Alston
|
0-0: SINGLE (Line Drive, 56D) José Aguilera to second
|
Batting: SHB Marvin Harris
|
0-0: Ball 1-0: 3-RUN HOME RUN (Flyball, 78XD), Distance : 388 ft
|
Pitching: RHP Myoung-chul Im
|
|
Batting: RHB Edgardo Gonzáles
|
0-0: Foul Ball, location: 2F 0-1: Ball 1-1: Ground out U3 (Groundball, 3L)
|
Batting: LHB Eduardo Alomar
|
0-0: Ball 1-0: Called Strike 1-1: Foul Ball, location: 2F 1-2: Fly out, F7 (Flyball, 7M)
|
Batting: RHB Anastasio García
|
0-0: Called Strike 0-1: Foul Ball, location: 2F 0-2: Foul Ball, location: 2F 0-2: Ball 1-2: Strikes out swinging
|
Bottom of the 5th over - 3 run(s), 3 hit(s), 0 error(s), 0 left on base; Mile High 7 - Redwood City 7 |
TOP OF THE 6TH |
Mile High Broncos batting - Pitching for Redwood City Redwoods : RHP Ron Williams
|
Pitching: LHP Haywood Brown
|
|
Batting: LHB Bill Houston
|
0-0: Called Strike 0-1: Ball 1-1: Called Strike 1-2: Ball 2-2: Foul Ball, location: 2F 2-2: Ball 3-2: Strikes out looking
|
Batting: RHB José Herrera
|
0-0: Called Strike 0-1: Ball 1-1: DOUBLE (Line Drive, 7LD)
|
Batting: SHB Tom Stevens
|
0-0: Ball 1-0: Ball 2-0: Ball 3-0: Called Strike 3-1: Foul Ball, location: 2F 3-2: Ground out 3-1 (Groundball, 34) José Herrera to third
|
Batting: RHB Ximena Campos
|
0-0: Called Strike 0-1: Called Strike 0-2: Ball 1-2: Ball 2-2: Strikes out looking
|
Top of the 6th over - 0 run(s), 1 hit(s), 0 error(s), 1 left on base; Mile High 7 - Redwood City 7 |
BOTTOM OF THE 6TH |
Redwood City Redwoods batting - Pitching for Mile High Broncos : RHP Myoung-chul Im
|
Batting: RHB Dan Martin
|
0-0: Called Strike 0-1: Called Strike 0-2: Ball 1-2: Ball 2-2: Ball 3-2: Base on Balls
|
Batting: LHB Alfonso Montoya
|
0-0: Called Strike 0-1: Ball 1-1: Ball 2-1: Ball 3-1: Foul Ball, location: 2F 3-2: Foul Ball, location: 2F 3-2: Foul Ball, location: 2F 3-2: Base on Balls Dan Martin to second
|
Batting: LHB Tony Warrilow
|
0-0: Ball 1-0: Ball 2-0: Ball 3-0: Base on Balls Dan Martin to third Alfonso Montoya to second
|
Batting: RHB José Aguilera
|
0-0: Called Strike 0-1: Called Strike 0-2: Grounds into fielders choice 4-2 (Groundball, 4M) Alfonso Montoya to third Tony Warrilow to second
|
Batting: LHB Nicholas Alston
|
0-0: Fly out, F9 (Flyball, 89S)
|
Batting: SHB Marvin Harris
|
0-0: Swinging Strike 0-1: Ball 1-1: Fly out, F7 (Flyball, 78D)
|
Bottom of the 6th over - 0 run(s), 0 hit(s), 0 error(s), 3 left on base; Mile High 7 - Redwood City 7 |
TOP OF THE 7TH |
Mile High Broncos batting - Pitching for Redwood City Redwoods : LHP Haywood Brown
|
Batting: RHB Juan Gonzáles
|
0-0: Called Strike 0-1: Ball 1-1: Fly out, F9 (Flyball, 89M)
|
Batting: RHB Damian Yates
|
0-0: Called Strike 0-1: Ball 1-1: Ball 2-1: Foul Ball, location: 2F 2-2: Foul Ball, location: 2F 2-2: Ball 3-2: SOLO HOME RUN (Flyball, 9D), Distance : 359 ft
|
Batting: RHB Juan Jose Guevana
|
0-0: Called Strike 0-1: Ball 1-1: Ball 2-1: Ball 3-1: Base on Balls
|
Batting: RHB António Martínez
|
0-0: 2-RUN HOME RUN (Flyball, 7D), Distance : 343 ft
|
Pitching: RHP Lúcio Solano
|
|
Batting: LHB Diego González
|
0-0: Swinging Strike 0-1: Called Strike 0-2: Ball 1-2: Ball 2-2: Ball 3-2: Foul Ball, location: 2F 3-2: Foul Ball, location: 2F 3-2: Strikes out swinging
|
Batting: LHB Bill Houston
|
0-0: Foul Ball, location: 2F 0-1: Swinging Strike 0-2: SINGLE (Groundball, 4MD)
|
Batting: RHB José Herrera
|
0-0: Ball 1-0: Fly out, F3 (Popup, 3SF)
|
Top of the 7th over - 3 run(s), 3 hit(s), 0 error(s), 1 left on base; Mile High 10 - Redwood City 7 |
BOTTOM OF THE 7TH |
Redwood City Redwoods batting - Pitching for Mile High Broncos : RHP Myoung-chul Im
|
Pitching: LHP Jorge García
|
|
Batting: RHB Edgardo Gonzáles
|
0-0: Called Strike 0-1: SINGLE (Flyball, 89S)
|
Batting: LHB Eduardo Alomar
|
0-0: Ball 1-0: Called Strike 1-1: Called Strike 1-2: Fly out, F8 (Flyball, 8LXD) Runner from 1st tags up, SAFE at 2nd
|
Batting: RHB Anastasio García
|
0-0: Called Strike 0-1: Ground out U3 (Groundball, 3S) Edgardo Gonzáles to third
|
Batting: RHB Dan Martin
|
0-0: Called Strike 0-1: Ball 1-1: Ball 2-1: Fly out, F7 (Line Drive, 78M)
|
Bottom of the 7th over - 0 run(s), 1 hit(s), 0 error(s), 1 left on base; Mile High 10 - Redwood City 7 |
TOP OF THE 8TH |
Mile High Broncos batting - Pitching for Redwood City Redwoods : RHP Lúcio Solano
|
Batting: SHB Tom Stevens
|
0-0: Called Strike 0-1: Swinging Strike 0-2: Ball 1-2: Foul Ball, location: 2F 1-2: Ball 2-2: Ball 3-2: Strikes out swinging
|
Batting: RHB Ximena Campos
|
0-0: Foul Ball, location: 2F 0-1: Ball 1-1: Ball 2-1: Swinging Strike 2-2: Strikes out swinging
|
Batting: RHB Juan Gonzáles
|
0-0: Ball 1-0: Ball 2-0: Called Strike 2-1: Called Strike 2-2: Ball 3-2: Base on Balls
|
Batting: RHB Damian Yates
|
0-0: Foul Ball, location: 2F 0-1: Reached on error, E5 (Groundball, 5) Juan Gonzáles to second
|
Batting: RHB Juan Jose Guevana
|
0-0: 3-RUN HOME RUN (Flyball, 8LXD), Distance : 422 ft
|
Batting: RHB António Martínez
|
0-0: Ball 1-0: Ball 2-0: Ball 3-0: Base on Balls
|
Pitching: RHP Carl Murgatroyd
|
|
Batting: LHB Diego González
|
0-0: Foul Ball, location: 2F 0-1: Called Strike 0-2: SINGLE (Line Drive, 56D) António Martínez to second
|
Batting: LHB Bill Houston
|
0-0: Called Strike 0-1: Foul Ball, location: 2F 0-2: Fielders Choice at 2nd, U4 (Groundball, 4M)
|
Top of the 8th over - 3 run(s), 2 hit(s), 1 error(s), 2 left on base; Mile High 13 - Redwood City 7 |
BOTTOM OF THE 8TH |
Redwood City Redwoods batting - Pitching for Mile High Broncos : LHP Jorge García
|
Now at SS: Vincente Ventura
|
|
Batting: LHB Alfonso Montoya
|
0-0: Foul Ball, location: 2F 0-1: Ball 1-1: Foul Ball, location: 2F 1-2: Ball 2-2: Foul Ball, location: 2F 2-2: Strikes out swinging
|
Batting: LHB Tony Warrilow
|
0-0: Ball 1-0: Ball 2-0: Foul Ball, location: 2F 2-1: Ball 3-1: Called Strike 3-2: Foul Ball, location: 2F 3-2: Reached on Error, E7 (Popup, 6D)
|
Batting: RHB José Aguilera
|
0-0: Ball 1-0: Foul Ball, location: 2F 1-1: Foul Ball, location: 2F 1-2: Ball 2-2: Ball 3-2: Foul Ball, location: 2F 3-2: Foul Ball, location: 2F 3-2: Grounds into double play, U6-3 (Groundball, 6)
|
Bottom of the 8th over - 0 run(s), 0 hit(s), 1 error(s), 0 left on base; Mile High 13 - Redwood City 7 |
TOP OF THE 9TH |
Mile High Broncos batting - Pitching for Redwood City Redwoods : RHP Carl Murgatroyd
|
Pitching: LHP Fernando Alvarado
|
|
Batting: RHB José Herrera
|
0-0: Swinging Strike 0-1: Ball 1-1: Ball 2-1: Foul Ball, location: 2F 2-2: Ball 3-2: Base on Balls
|
Batting: SHB Tom Stevens
|
0-0: Ground out 5-3 (Groundball, 5S) José Herrera to second
|
Batting: RHB Ximena Campos
|
0-0: Ball 1-0: Called Strike 1-1: Foul Ball, location: 2F 1-2: Ball 2-2: Ball 3-2: Strikes out looking
|
Batting: RHB Juan Gonzáles
|
0-0: Called Strike 0-1: Foul Ball, location: 2F 0-2: Ball 1-2: Ball 2-2: Foul Ball, location: 2F 2-2: Ball 3-2: Base on Balls
|
Batting: RHB Damian Yates
|
0-0: Foul Ball, location: 2F 0-1: Ball 1-1: SINGLE (Line Drive, 34) José Herrera to third Juan Gonzáles to second Runner from 3rd tries for Home, SAFE, no throw or cutoff
|
Batting: RHB Vincente Ventura
|
0-0: Ball 1-0: Called Strike 1-1: Foul Ball, location: 2F 1-2: Ball 2-2: Strikes out swinging
|
Top of the 9th over - 1 run(s), 1 hit(s), 0 error(s), 2 left on base; Mile High 14 - Redwood City 7 |
BOTTOM OF THE 9TH |
Redwood City Redwoods batting - Pitching for Mile High Broncos : LHP Jorge García
|
Now in LF: José Rodríguez
|
|
Batting: LHB Nicholas Alston
|
0-0: Ball 1-0: Ground out 4-3 (Groundball, 4)
|
Batting: SHB Marvin Harris
|
0-0: Foul Ball, location: 2F 0-1: Ball 1-1: Foul Ball, location: 2F 1-2: Foul Ball, location: 2F 1-2: Ball 2-2: Ball 3-2: Base on Balls
|
Pitching: RHP Dave Powers
|
|
Batting: RHB Edgardo Gonzáles
|
0-0: Ball 1-0: Ball 2-0: Called Strike 2-1: Ball 3-1: Base on Balls Marvin Harris to second
|
Batting: LHB Eduardo Alomar
|
0-0: Foul Ball, location: 2F 0-1: Ball 1-1: Swinging Strike 1-2: Strikes out swinging
|
Batting: RHB Anastasio García
|
0-0: Called Strike 0-1: Fielders Choice at 2nd, 6-4 (Groundball, 6MS)
|
Bottom of the 9th over - 0 run(s), 0 hit(s), 0 error(s), 1 left on base; Mile High 14 - Redwood City 7 |
|